 Dungeon Crawl Stone Soup version 0.26.0-7-g794d0892b4 (webtiles) character file.

Game seed: 4276084564095965689

1304 trckry the Conjurer (level 8, -1/40 HPs)
             Began as a Vine Stalker Conjurer on Jan 11, 2021.
             Was a Follower of Vehumet.
             Slain by a hornet (11 damage)
             ... while paralysed by a hornet
             ... on level 7 of the Dungeon on Jan 12, 2021.
             The game lasted 00:17:54 (6880 turns).

trckry the Conjurer (Vine Stalker Conjurer)         Turns: 6880, Time: 00:17:54

Health: -1/40      AC:  3    Str:  8 (11) XL:     8   Next: 57%
Magic:  0/16       EV:  2    Int: 19 (20) God:    Vehumet [*.....]
Gold:   257        SH:  0    Dex: 12      Spells: 14/16 levels left

rFire    . . .     SeeInvis .   b - +2 dagger (venom)
rCold    . . .     Faith    .   (no shield)
rNeg     . . .     Spirit   +   a - +1 robe
rPois    .         Reflect  .   (no helmet)
rElec    .         Harm     .   r - scarf {+Inv}
rCorr    .         Rampage  .   (no gloves)
Will     +....                  (no boots)
Stlth    +++.......             (no amulet)
HPRegen  0.53/turn              n - +4 ring of slaying
MPRegen  0.15/turn              y - ring of stealth

@: paralysed, lethally poisoned (-1 -> -3)
A: fangs 3, regeneration 1, magic shield, antimagic bite, no potion heal 3
a: Renounce Religion, Evoke Invisibility


You were on level 7 of the Dungeon.
You worshipped Vehumet.
Vehumet was aware of your devotion.
You visited 2 branches of the dungeon, and saw 8 of its levels.

You collected 257 gold pieces.

Inventory:

Hand Weapons
 b - a +2 dagger of venom (weapon)
 l - a +0 quarterstaff
Missiles
 h - 4 curare-tipped darts (quivered)
Armour
 a - a +1 robe (worn)
 r - a scarf of invisibility (worn)
Jewellery
 n - a +4 ring of slaying (left hand)
 y - a ring of stealth (right hand)
Scrolls
 d - 4 scrolls of identify
 e - a scroll of immolation
 g - 3 scrolls of enchant weapon
 q - 2 scrolls of amnesia
 t - 2 scrolls of enchant armour
 v - 2 scrolls of remove curse
Potions
 m - 2 potions of curing
 o - a potion of haste
 p - a potion of flight
 w - a potion of brilliance


   Skills:
 + Level 3.5 Fighting
 + Level 2.3 Staves
 + Level 3.6 Dodging
 - Level 2.4 Stealth
 + Level 4.6 Spellcasting
 * Level 6.7 Conjurations
 + Level 2.9 Evocations


You had 14 spell levels left.
You knew the following spells:

 Your Spells              Type           Power        Failure   Level
b - Searing Ray           Conj           60%          1%          2

Your spell library contained the following spells:

 Spells                   Type           Power        Failure   Level
 Shock                    Conj/Air       68%          3%          1
 Magic Dart               Conj           100%         1%          1
 Dazzling Flash           Conj/Hex       34%          10%         3
 Fulminant Prism          Conj/Hex       8%           32%         4
 Iskenderun's Mystic Bla  Conj/Tloc      17%          32%         4


Dungeon Overview and Level Annotations

Branches:
Dungeon (7/15)             Temple (1/1) D:5

Altars:
Ashenzari
Cheibriados
Dithmenos
Elyvilon
Fedhas
Gozag
Hepliaklqana
Kikubaaqudgha
Makhleb
Nemelex Xobeh
Okawaru
Qazlal
Ru
Sif Muna
Trog
Uskayaw
Vehumet
Wu Jian
Xom
Yredelemnul
Zin
The Shining One


Innate Abilities, Weirdness & Mutations

You have razor-sharp teeth.
Your natural rate of healing is unusually fast.
When hurt, damage is shared between your health and your magic reserves.
Your bite disrupts and absorbs the magic of your enemies.
Potions cannot restore your health.


Message History

Press: ? - help, Shift-Dir - straight line, f - hornet
Aim: a hornet (asleep, 0% to evade)
The searing ray hits the hornet.
The hornet is lightly wounded.
The hornet buzzes angrily. (Press . to maintain the ray.)
The searing ray misses the hornet.
The searing ray hits the hornet!
The hornet is heavily wounded.
The hornet stings you!
You feel yourself slow down. The hornet stings you!!
You are poisoned.
You suddenly lose the ability to move!
You feel sick. The hornet stings you.
* * * LOW HITPOINT WARNING * * *
You shrug off the repeated paralysis!
You feel yourself speed up.
You feel sick.
The hornet stings you but does no damage.
The hornet stings you!
You die...

.### >....
......###+##
......y@...#
##....##...#
..... ...#
##.. #.## ##
.# .. .. ..


You could see a hornet.

Vanquished Creatures
  Menkaure (D:6)
  2 orc warriors (D:6)
  A sky beast (D:5)
  A centaur (D:5)
  A bullfrog (D:6)
  A scorpion (D:6)
  A howler monkey (D:4)
  2 hounds
  2 jellies
  An orc priest (D:6)
  A gnoll shaman (D:6)
  An orc wizard (D:6)
  2 iguanas
  4 worker ants
  A hound skeleton (D:6)
  A howler monkey skeleton (D:4)
  9 gnolls (D:6)
  9 adders
  A shadow imp (D:5)
  A white imp (D:5)
  3 oozes
  An ufetubus (D:6)
  2 adder skeletons (D:5)
  An adder zombie (D:5)
  5 worms
  4 dart slugs
  5 leopard geckos
  11 orcs
  4 giant cockroaches
  8 goblins
  8 hobgoblins
  7 jackals
  2 quokkas (D:4)
  A ball python (D:1)
  8 bats
  4 frilled lizards
  9 kobolds
  7 rats
133 creatures vanquished.

Notes
Turn   | Place    | Note
-------+----------+-------------------------------------------
     0 | D:1      | trckry the Vine Stalker Conjurer began the quest for the
                  | Orb.
     0 | D:1      | Reached XP level 1. HP: 9/9 MP: 4/4
   673 | D:1      | Reached XP level 2. HP: 9/14 MP: 4/6
  1000 | D:1      | Learned a level 2 spell: Searing Ray
  1817 | D:2      | Reached skill level 1 in Fighting
  1817 | D:2      | Reached XP level 3. HP: 18/18 MP: 7/7
  2179 | D:2      | Gained mutation: Your natural rate of healing is unusually
                  | fast. [Vine Stalker growth]
  2179 | D:2      | Reached XP level 4. HP: 22/22 MP: 9/9
  2645 | D:3      | Found a hide-covered altar of Uskayaw.
  2645 | D:3      | Noticed a +0 dagger
  2645 | D:3      | Noticed a +0 hand axe
  2915 | D:3      | Reached XP level 5. HP: 26/26 MP: 10/10
  3397 | D:4      | Reached skill level 5 in Conjurations
  3440 | D:4      | Reached skill level 1 in Evocations
  3440 | D:4      | Reached XP level 6. HP: 16/30 MP: 7/12
  3940 | D:5      | Entered Level 5 of the Dungeon
  4388 | D:5      | Reached XP level 7. HP: 21/35 MP: 2/13
  4626 | D:5      | Reached skill level 1 in Staves
  4968 | D:5      | Found a staircase to the Ecumenical Temple.
  4981 | Temple   | Entered the Ecumenical Temple
  5011 | Temple   | Became a worshipper of Vehumet
  5502 | D:6      | Reached skill level 6 in Conjurations
  5785 | D:6      | Gained mutation: You have razor-sharp teeth. [Vine Stalker
                  | growth]
  5785 | D:6      | Reached XP level 8. HP: 40/40 MP: 10/15
  5956 | D:6      | Reached * piety under Vehumet
  5956 | D:6      | Offered knowledge of Shock by Vehumet.
  6593 | D:7      | Noticed Menkaure
  6796 | D:6      | Killed Menkaure
  6875 | D:7      | Noticed a hornet
  6878 | D:7      | Paralysed by a hornet for 3 turns
  6880 | D:7      | Slain by a hornet

Illustrated notes

Levels and vault maps discovered:
D:1:      onia_arrival_mini_maze_b, layout_loops_cross
D:2:      layout_rooms, grunt_decor_mini_mirrors
D:3:      layout_basic, dancing_weapons_uskayaw
D:4:      layout_cave_pools
D:5:      layout_basic, temple_hall, minmay_crystal_room
D:6:      layout_rooms
D:7:      layout_basic, hex_intersection, uniq_prince_ribbit1, uniq_menkaure,
          uniq_maggie
Temple:   compressed_dpeg_circular_temple

Skill      XL: |  1  2  3  4  5  6  7  8 |
---------------+-------------------------+-----
Fighting       | 1 2 3 |  3.5
Dodging        | 2 3 |  3.6
Spellcasting   | 3 4 |  4.6
Conjurations   | 5 6 |  6.7
Evocations     | 1 2 |  2.9
Staves         | 1 2 |  2.3
Stealth        | |  2.4

Action                   |  1- 3 |  4- 6 |  7- 9 || total
-------------------------+-------+-------+-------++-------
Melee: Dagger            |    70 |   166 |    13 ||   249
       Bite              |    10 |    32 |     2 ||    44
Throw: Dart              |       |       |     3 ||     3
 Cast: Magic Dart        |    18 |       |     3 ||    21
       Searing Ray       |     4 |    10 |    33 ||    47
  Use: Potion            |       |       |    10 ||    10
       Scroll            |       |       |     9 ||     9
 Stab: Sleeping          |     3 |     3 |     1 ||     7
       Distracted        |       |     1 |       ||     1
Armor: Robe              |    10 |    30 |     2 ||    42
Dodge: Dodged            |    56 |   110 |    28 ||   194
